 Dungeon Crawl Stone Soup version 0.29.1-2-gbd0b4ee654 (webtiles) character file.

Game seed: 14396917585677206534

1135 hawla the Gusty (level 8, -7/58 HPs)
             Began as a Meteoran Air Elementalist on Dec 1, 2022.
             Was a Follower of Vehumet.
             Mangled by an ice beast (11 damage)
             ... on level 6 of the Dungeon.
             The game lasted 00:15:26 (2546 turns).

hawla the Gusty (Meteoran Air Elementalist)         Turns: 2546, Time: 00:15:26

Health: -7/58      AC: -2    Str: 10    XL:     8   Next: 94%
Magic:  1/15       EV: 12    Int: 19    God:    Vehumet [*.....]
Gold:   139        SH:  0    Dex: 14    Spells: 4/15 levels left

rFire   . . .      SeeInvis .   f - +0 morningstar (holy)
rCold   . . .      Faith    .   (no shield)
rNeg    + . .      Spirit   .   l - +0 robe {rN+}
rPois   .          Reflect  .   (no helmet)
rElec   .          Harm     .   (no cloak)
rCorr   .          Rampage  .   (no gloves)
Will    +....                   (no boots)
Stlth   +.........              (no amulet)
HPRegen 0.19/turn               (no ring)
MPRegen 0.14/turn               (no ring)

@: about to teleport, corroded, very slightly contaminated, glowing
A: sense surroundings 1, otherworldly, glowing, explore regen
a: Renounce Religion


You were on level 6 of the Dungeon.
You worshipped Vehumet.
Vehumet was aware of your devotion.
You visited 1 branch of the dungeon, and saw 6 of its levels.
You also visited: Sewer.

You collected 139 gold pieces.

Inventory:

Hand Weapons
 f - a +0 morningstar of holy wrath (weapon)
Armour
 l - a +0 robe of positive energy (worn)
Jewellery
 r - a ring of fire
Wands
 k - a wand of mindburst (11) (quivered)
 q - a wand of paralysis (4)
Scrolls
 a - a scroll of poison
 c - 2 scrolls of identify
 n - a scroll of vulnerability {unknown}
 o - a scroll of amnesia {unknown}
 p - a scroll of enchant armour {unknown}
 t - a scroll of fear {unknown}
 v - a scroll of brand weapon {unknown}
 w - a scroll of butterflies {unknown}
 y - 2 scrolls of acquirement {unknown}
Potions
 d - 3 potions of mutation {unknown}
 e - 3 potions of lignification
 g - a potion of might {unknown}
 i - 2 potions of curing
 j - 2 potions of attraction {unknown}
 m - a potion of ambrosia {unknown}
 s - a potion of berserk rage {unknown}
 u - a potion of haste {unknown}
 x - a potion of cancellation {unknown}
 z - 2 potions of resistance {unknown}


   Skills:
 + Level 0.5 Fighting
 + Level 0.8 Maces & Flails
 + Level 2.5 Dodging
 - Level 1.5 Stealth
 + Level 4.1 Spellcasting
 + Level 5.5 Conjurations
 + Level 6.1 Translocations
 + Level 7.5 Air Magic
 + Level 1.4 Evocations


You had 4 spell levels left.
You knew the following spells:

 Your Spells              Type           Power      Damage    Failure   Level
a - Shock                 Conj/Air       100%       1d9       1%          1
b - Static Discharge      Conj/Air       28%        3-7/arc   1%          2
c - Airstrike             Air            16%        2d(3-19)  6%          4
d - Iskenderun's Mystic   Conj/Tloc      26%        2d7       12%         4

Your spell library contained the following spells:

 Spells                   Type           Power      Damage    Failure   Level
 Sandblast                Erth           6%         2d5       14%         1
 Magic Dart               Conj           100%       1d8       1%          1
 Swiftness                Air            32%        N/A       1%          3
 Mephitic Cloud           Conj/Pois/Air  20%        N/A       7%          3
 Dazzling Flash           Conj/Hex       28%        N/A       13%         3
 Call Imp                 Summ           3%         N/A       21%         2
 Iskenderun's Battlesphe  Conj           25%        2d8       36%         5
 Fireball                 Conj/Fire      7%         3d5       77%         5
 Conjure Ball Lightning   Conj/Air       14%        3x3d6     80%         6
 Starburst                Conj/Fire      7%         6d4       100%        6
 Orb of Destruction       Conj           12%        9d7       100%        7


Dungeon Overview and Level Annotations

Branches:
Dungeon (6/15) Zot: 1403    Sewer (visited)
 Temple: D:4-7

Altars:
Cheibriados
Elyvilon
Qazlal
Trog
Vehumet
Wu Jian
Xom


Innate Abilities, Weirdness & Mutations

You passively map a small area around you.
You are easily found by Zot.
You glow in the dark.
You regain HP and MP as you explore.


Message History

The necrophage is severely damaged.
The necrophage is knocked back by the mystic blast.
An ice beast comes into view.
Your life force feels restored.
Casting: Iskenderun's Mystic Blast (dangerous; 14% risk of failure)
Confirm with . or Enter, or press ? or * to list all spells.
You erupt in a blast of force!
The mystic blast hits the jelly!
You kill the jelly!
Vehumet accepts your kill.
The mystic blast hits the necrophage!
You destroy the necrophage!
Vehumet accepts your kill.
Your Conjurations skill increases to level 5!
Unknown command.
Casting: Iskenderun's Mystic Blast (dangerous; 12% risk of failure)
Confirm with . or Enter, or press ? or * to list all spells.
Aiming: Airstrike (dangerous; 6% risk of failure)
Press: ? - help, Dir - move target, f - jelly
Aim: a jelly (empty space bonus: 8/8)
You miscast Airstrike.
Nothing appears to happen.
Casting: Airstrike (dangerous; 6% risk of failure)
Confirm with . or Enter, or press ? or * to list all spells.
You don't have enough magic to cast this spell.
Found 20 gold pieces.
The jelly closely misses you.
You puncture the jelly!
Your hands burn!
The jelly is heavily wounded.
The jelly hits you.
You are splashed with acid!
The jelly hits you. The acid corrodes you!
You are splashed with acid!
You are too injured to fight recklessly!
You are too injured to fight recklessly!
Unknown command.
As you read the scroll labelled UTEQAE DOJOF, it crumbles to dust.
You feel strangely unstable.
It was a scroll of teleportation.
The jelly hits you.
You are splashed with acid!
* * * LOW HITPOINT WARNING * * *
The ice beast barely misses you. The ice beast attacks as you move away!
The ice beast hits you.
* * * LOW HITPOINT WARNING * * *
The ice beast freezes you!
You die...

*,,,,* ***,,,,,,,,,,,**
**#.**##$.......,,,,,,*
#.###.........,,,**,*
#.............,,,,*,**
#........?....,,,,*,,**
#....).....>..,,,,**,,,
#..#..........,,,,*****
#......J......,,,,* *
*,#?#.@Y......,,,**
*,#....:......,,**
*,#..#####.###,,**
*,#..## #.# *,,,*
*,#...## #.# *,,,******
*,#.#..###.# *,,,,,,,,,
*,#.##.....# *,,,,**,,*
*,..*####..###,,,****,*
*..#* #....#,,,* *,*


You could see an ice beast and a jelly.

Vanquished Creatures
  Sigmund (D:4)
  A water moccasin (D:5)
  A phantom (D:6)
  2 necrophages (D:6)
  3 scorpions
  2 hounds (D:6)
  2 jellies (D:6)
  An orc priest (D:6)
  An iguana (D:5)
  Natasha (thrice) (D:4)
  2 orc wizards
  4 adders
  8 river rats
  2 ufetubi
  A worm (D:2)
  2 dart slugs
  7 orcs
  8 ball pythons
  A bat (D:3)
  4 endoplasms
  5 goblins
  A hobgoblin (D:4)
  11 jackals
  4 quokkas
  7 frilled lizards
  5 kobolds
  8 rats
97 creatures vanquished.

Vanquished Creatures (others)
  16 plants (Sewer)
16 creatures vanquished.

Grand Total: 113 creatures vanquished

Notes
Turn   | Place    | Note
-------+----------+-------------------------------------------
     0 | D:1      | hawla the Meteoran Air Elementalist began the quest for the
                  | Orb.
     0 | D:1      | Reached XP level 1. HP: 14/14 MP: 5/5
   118 | D:1      | Reached XP level 2. HP: 20/20 MP: 4/7
   119 | D:1      | Reached skill level 4 in Air Magic
   124 | D:1      | Learned a level 2 spell: Static Discharge
   321 | D:2      | Found a faded altar of an unknown god.
   453 | D:2      | Reached XP level 3. HP: 16/26 MP: 3/9
   908 | D:4      | Reached XP level 4. HP: 25/34 MP: 10/10
   914 | D:4      | Found a bloodstained altar of Trog.
   916 | D:4      | Found a stormy altar of Qazlal.
   945 | D:4      | Found a white marble altar of Elyvilon.
   947 | D:4      | Found an ornate altar of the Wu Jian Council.
  1011 | D:4      | Learned a level 4 spell: Airstrike
  1013 | D:4      | Noticed Natasha
  1014 | D:4      | Killed Natasha
  1059 | D:4      | Noticed Natasha
  1061 | D:4      | Killed Natasha
  1062 | D:4      | Reached skill level 5 in Air Magic
  1062 | D:4      | Reached XP level 5. HP: 29/39 MP: 2/11
  1136 | D:4      | Noticed Sigmund
  1155 | D:4      | Killed Sigmund
  1156 | D:4      | Reached skill level 7 in Air Magic
  1156 | D:4      | Reached XP level 6. HP: 19/46 MP: 0/12
  1229 | D:4      | Noticed Natasha
  1230 | D:4      | Killed Natasha
  1353 | D:4      | Reached XP level 7. HP: 51/51 MP: 8/14
  1534 | D:5      | Entered Level 5 of the Dungeon
  1542 | D:5      | Reached skill level 1 in Evocations
  1551 | D:5      | Learned a level 4 spell: Iskenderun's Mystic Blast
  1556 | D:5      | Reached skill level 1 in Translocations
  1646 | D:5      | Found a shimmering altar of Xom.
  1647 | D:5      | Noticed a water moccasin
  1649 | D:5      | Killed a water moccasin
  1882 | D:5      | Found a radiant altar of Vehumet.
  1886 | D:5      | Became a worshipper of Vehumet
  1902 | D:6      | Found a snail-covered altar of Cheibriados.
  1906 | D:6      | Reached XP level 8. HP: 56/58 MP: 15/15
  1926 | D:6      | Reached skill level 5 in Translocations
  1943 | D:6      | HP: 4/87 [something/magic dart (9)]
  2047 | D:6      | Found a glowing drain.
  2071 | Sewer    | Entered a sewer
  2124 | Sewer    | Reached * piety under Vehumet
  2124 | Sewer    | Offered knowledge of Sandblast by Vehumet.
  2454 | Sewer    | Glimpsed the power of Zot.
  2542 | D:6      | Reached skill level 5 in Conjurations
  2546 | D:6      | Mangled by an ice beast

Illustrated notes

Levels and vault maps discovered:
D:1:      psy_arrival_radial02, layout_loops_ring
D:2:      minmay_general_purpose_star, layout_basic,
          nicolae_ecumenical_lake_church, basic_altar
D:3:      layout_basic, chequers_serial_rivers_small_a, fountainhead,
          nicolae_grassy_gnolls
D:4:      layout_gridville, nicolae_overflow_hidden_temple, minivault_27,
          uniq_sigmund, uniq_natasha
D:5:      layout_cave_pools, mainiacjoe_overflow_big_doors, lemuel_round_altar
D:6:      layout_rooms, cheibriados_altar_1, portal_sewer_entry_b,
          chequers_serial_rivers_large_b

Skill      XL: |  1  2  3  4  5  6  7  8 |
---------------+-------------------------+-----
Spellcasting   | 3 4 |  4.1
Air Magic      | 4 5 7 |  7.5
Evocations     | 1 |  1.4
Conjurations   | 2 5 |  5.5
Translocations | 4 6 |  6.1
Fighting       | |  0.5
Maces & Flails | |  0.8
Dodging        | |  2.5
Stealth        | |  1.5

Action                   |  1- 3 |  4- 6 |  7- 9 || total
-------------------------+-------+-------+-------++-------
Melee: Morningstar       |    11 |    13 |   115 ||   139
 Cast: Shock             |    28 |       |       ||    28
       Static Discharge  |     8 |     1 |     7 ||    16
       Airstrike         |       |     8 |    18 ||    26
       Iskenderun's Myst |       |       |    23 ||    23
  Use: Scroll            |     4 |     1 |     2 ||     7
       Potion            |       |     1 |     5 ||     6
Armor: Robe              |     4 |       |    23 ||    27
       Skin              |       |       |    18 ||    18
Dodge: Dodged            |    10 |     9 |   108 ||   127
